 Dungeon Crawl Stone Soup version 0.30-a0-883-g5ad918d77d (webtiles) character file.

Game seed: 6541012543478869863

217697 elongatedgoose the Warrior (level 18, -4/178 HPs)
             Began as a Minotaur Fighter on Mar 17, 2023.
             Was a High Priest of Okawaru.
             Slain by a +1 glaive of venom (14 damage)
             ... animated by Zenata
             ... on level 2 of the Elven Halls.
             The game lasted 01:37:20 (42862 turns).

elongatedgoose the Warrior (Minotaur Fighter)      Turns: 42862, Time: 01:37:21

Health: -4/178     AC: 41    Str: 25    XL:     18   Next: 39%
Magic:  24/24      EV: 15    Int:  8    God:    Okawaru [*****.]
Gold:   1845       SH:  7    Dex: 15    Spells: 17/17 levels left

rFire   + + .      SeeInvis +    z - +9 flail (heavy)
rCold   + + .      Faith    .    c - +0 buckler
rNeg    . . .      Spirit   .    a - +9 scales of the Dragon King {rPois rF+ rC+ Will+}
rPois   +          Reflect  .    E - +2 hat {Int+3}
rElec   +          Rampage  +    e - scarf {rC+ rF+}
rCorr   .                        N - +2 pair of gloves
Will    +++..                    Y - +2 pair of boots of Okawaru's Condemnation {Rampage Dex+3 Stlth+} Stlth
                                 S - amulet of the acrobat
HPRegen 0.49/turn                h - +5 ring of evasion
MPRegen 0.19/turn                O - +4 ring of protection

@: silenced
A: horns 2, retaliatory headbutt, see invisible, strong-willed 1, electricity
resistance, weak 1
}: 1/15 runes: barnacled
a: Renounce Religion


You were on level 2 of the Elven Halls.
You worshipped Okawaru.
Okawaru was extremely pleased with you.
You visited 5 branches of the dungeon, and saw 28 of its levels.
You visited the Abyss 1 time.
You also visited: Ossuary, Bailey and Volcano.

You collected 5153 gold pieces.
You spent 3308 gold pieces at shops.

Inventory:

Hand Weapons
 z - a +9 heavy flail (weapon)
Missiles
 x - 10 silver javelins (quivered)
 C - 10 javelins
 D - 49 boomerangs
 V - 5 throwing nets
Armour
 a - the +9 scales of the Dragon King (worn) {rPois rF+ rC+ Will+}
   (You bought it in a shop on level 2 of the Orcish Mines)

   rF:        It protects you from fire.
   rC:        It protects you from cold.
   rPois:     It protects you from poison.
   Will:      It increases your willpower.
 c - a +0 buckler (worn)
 e - a scarf of resistance (worn)
 q - +3 storm dragon scales {Bai Suzhen}
 E - a +2 hat of intelligence (worn)
 N - a +2 pair of gloves (worn)
 Y - the +2 pair of boots of Okawaru's Condemnation (worn) {Rampage Dex+3 Stlth+}
   (Okawaru gifted it to you on level 3 of the Lair of Beasts)

   Dex:       It affects your dexterity (+3).
   Rampage:   It bestows one free step when moving towards enemies.
   Stlth:     It makes you more stealthy.
 Z - the scarf of Okawaru, Summoning {*Corrode Will+ Str+3}
   (Okawaru gifted it to you on level 2 of the Orcish Mines)

   Str:       It affects your strength (+3).
   *Corrode:  It may corrode you when you take damage.
   Will:      It increases your willpower.
Jewellery
 h - a +5 ring of evasion (left hand)
 F - a ring of protection from cold
 I - a +6 ring of intelligence
 J - a ring of protection from cold
 L - an amulet of guardian spirit
 O - a +4 ring of protection (right hand)
 Q - a ring of protection from cold
 S - an amulet of the acrobat (around neck)
Wands
 u - a wand of iceblast (11)
 y - a wand of mindburst (26)
 A - a wand of flame (55)
 H - a wand of paralysis (34)
 M - a wand of digging (16)
 P - a wand of light (12)
Scrolls
 b - 7 scrolls of teleportation
 g - 5 scrolls of magic mapping
 i - a scroll of brand weapon
 l - 6 scrolls of vulnerability
 r - a scroll of enchant armour
 v - 2 scrolls of enchant weapon
 w - 3 scrolls of silence
 G - 5 scrolls of poison
 K - 6 scrolls of immolation
 T - 5 scrolls of fog
 U - a scroll of identify
Potions
 d - 4 potions of might
 f - 4 potions of resistance
 j - 5 potions of mutation
 k - 4 potions of haste
 m - 3 potions of berserk rage
 n - 3 potions of curing
 o - 6 potions of lignification
 p - 6 potions of flight
 s - 7 potions of attraction
 t - 3 potions of brilliance {unknown}
 B - 2 potions of invisibility {unknown}
 R - 5 potions of cancellation
 W - 3 potions of ambrosia


   Skills:
 - Level 20.0 Fighting
 * Level 18.6 Maces & Flails
 - Level 10.0 Throwing
 + Level 13.5 Armour
 + Level 13.0 Dodging
 + Level 13.4 Shields
 - Level 10.0 Invocations
 - Level 10.0 Evocations


You had 17 spell levels left.
You didn't know any spells.
Your spell library contained the following spells:

 Spells                   Type           Power      Damage    Failure   Level
 Beastly Appendage        Tmut           0%         N/A       100%        1
 Kiss of Death            Conj/Necr      0%         2d5       100%        1
 Magic Dart               Conj           0%         1d3       100%        1
 Necrotise                Necr           0%         1d4       100%        1
 Slow                     Hex            0%         N/A       100%        1
 Ensorcelled Hibernation  Hex/Ice        0%         N/A       100%        2
 Lesser Beckoning         Tloc           0%         N/A       100%        2
 Wereblood                Tmut           0%         N/A       100%        2
 Confusing Touch          Hex            0%         N/A       100%        3
 Gell's Gravitas          Tloc           0%         N/A       100%        3
 Inner Flame              Hex/Fire       0%         N/A       100%        3
 Mephitic Cloud           Conj/Pois/Air  0%         N/A       100%        3
 Ozocubu's Armour         Ice            0%         N/A       100%        3
 Spider Form              Tmut/Pois      0%         N/A       100%        3
 Teleport Other           Tloc           0%         N/A       100%        3
 Vampiric Draining        Necr           0%         2d6       100%        3
 Anguish                  Hex/Necr       0%         N/A       100%        4
 Dispel Undead            Necr           0%         3d6       100%        4
 Flame Wave               Conj/Fire      0%         2d4       100%        4
 Leda's Liquefaction      Hex/Erth       0%         N/A       100%        4
 Passage of Golubria      Tloc           0%         N/A       100%        4
 Sticky Flame             Conj/Fire      0%         2d3       100%        4
 Agony                    Necr           0%         N/A       100%        5
 Borgnjor's Vile Clutch   Necr/Erth      0%         N/A       100%        5
 Fireball                 Conj/Fire      0%         3d3       100%        5
 Freezing Cloud           Conj/Ice/Air   0%         6-21      100%        5
 Iskenderun's Battlesphe  Conj           0%         2d6       100%        5
 Lee's Rapid Deconstruct  Erth           0%         3d4*      100%        5
 Metabolic Englaciation   Hex/Ice        0%         N/A       100%        5
 Yara's Violent Unravell  Hex/Tmut       0%         3d3       100%        5
 Conjure Ball Lightning   Conj/Air       0%         3x3d6     100%        6
 Statue Form              Tmut/Erth      0%         N/A       100%        6
 Orb of Destruction       Conj           0%         9d5       100%        7
 Discord                  Hex            0%         N/A       100%        8
 Disjunction              Tloc           0%         N/A       100%        8
 Polar Vortex             Ice            0%         N/A       100%        9
 Call Imp                 Summ           Unusable   N/A       N/A         2
 Tukima's Dance           Hex            Unusable   N/A       N/A         3
 Animate Dead             Necr           Unusable   N/A       N/A         4
 Death Channel            Necr           Unusable   N/A       N/A         6
 Simulacrum               Ice/Necr       Unusable   N/A       N/A         6

Dungeon Overview and Level Annotations

Branches:
Dungeon (15/15)            Temple (0/1) D:6            Lair (5/5) D:10
 Shoals (4/4) Lair:2       Spider (0/4) Lair:2        Slime (0/5) Lair:4
    Orc (2/2) D:10            Elf (2/3) Orc:2        Vaults (0/5) D:13
 Depths (0/4) D:15        Ossuary (visited)          Bailey (visited)
Volcano (visited)

Altars:
Cheibriados
Elyvilon
Gozag
Hepliaklqana
Makhleb
Okawaru
Qazlal
Sif Muna
Jiyva

Shops:
D:5 ((   D:8 [   D:12 *   Orc:2 ([*(!   Shoals:1 :[(*[

Annotations:
D:6 3 runed translucent doors, AverageBear's ghost, novice OpFi
D:10 3 runed translucent doors, monoptic's ghost, journeyman MiFi
D:13 exclusion: ice statue
Lair:4 1 runed translucent door, Tewalifo's ghost, journeyman BaHu
Elf:2 Zenata


Innate Abilities, Weirdness & Mutations

You have a pair of horns on your head.
You reflexively headbutt those who attack you in melee.
You have supernaturally acute eyesight. (SInv)
You are strong-willed. (Will+)
You are resistant to electric shocks. (rElec)
You are weak. (Str -2)


Message History

You barely miss Zenata.
Zenata is lightly wounded.
You feel very sick.
The +3 dire flail of holy wrath hits you but does no damage.
The +6 vampiric trident hits you!
The +1 glaive of venom hits you from afar.
The +0 glaive of freezing hits you but does no damage.
The +3 dire flail of holy wrath barely misses you.
The +6 vampiric trident hits you but does no damage.
The +1 glaive of venom hits you from afar.
You are more poisoned.
The +0 glaive of freezing hits you!!
* * * LOW HITPOINT WARNING * * *
The +0 glaive of freezing freezes you.
* * * LOW HITPOINT WARNING * * *
Zenata closely misses you.
Unknown command.
Magic scrolls do not work when you're silenced!
The +3 dire flail of holy wrath attacks as you move away!
The +3 dire flail of holy wrath hits you but does no damage.
Zenata attacks as you move away! Zenata misses you. You furiously retaliate!
You headbutt Zenata!
You feel very sick.
You block the +6 vampiric trident's attack.
The +0 glaive of freezing closely misses you.
You furiously retaliate!
You headbutt the +0 glaive of freezing!
The +3 dire flail of holy wrath hits you!!
* * * LOW HITPOINT WARNING * * *
The +6 vampiric trident hits you but does no damage.
The +1 glaive of venom hits you but does no damage.
The +0 glaive of freezing hits you but does no damage.
The +3 dire flail of holy wrath hits you!
* * * LOW HITPOINT WARNING * * *
You block the +6 vampiric trident's attack.
Unknown command.
You feel better.
The +3 dire flail of holy wrath hits you but does no damage.
You block the +6 vampiric trident's attack.
The +1 glaive of venom hits you from afar!
You die...

##.....................
#.....#..............#.
#....###............###
##).## ##..........## #
##))## #...........###
#..))# #.............#.
##...###...............
##....#................
#.....@(a..............
#.....((...............
##.....(...............
#......................
#......................
##....#........ .....
#...###....... .....
#.... ....... ...#.
#...# #...... . ##


You could see Zenata and 4 dancing weapons.

Vanquished Creatures
  Bai Suzhen (Arena)
  Saint Roka (Orc:2)
  Nikola (Arena)
  Rupert (Orc:2)
  Polyphemus (Shoals:2)
  Agnes (Elf:1)
  2 krakens
  Gastronok (Lair:1)
  Ilsuiw (Shoals:2)
  The ghost of Etwihode the Blocker, a journeyman MiFi of Qazlal (Shoals:1)
  Aizul (Elf:1)
  The ghost of Baunymm the Basher, a journeyman DsBe of Trog (Elf:1)
  A deep elf elementalist (Elf:1)
  The ghost of Wothajo the Destroyer, an adept HuWn of Vehumet (Orc:1)
  An orc warlord (Bailey)
  2 deep elf demonologists (Elf:1)
  Azrael (Elf:1)
  A dire elephant (D:15)
  A blizzard demon (Abyss:1)
  4 merfolk javelineers
  9 merfolk impalers
  Harold (Lair:2)
  9 hydras
  4 catoblepae
  3 merfolk avatars
  5 centaur warriors
  3 merfolk aquamancers (Shoals:4)
  5 two-headed ogres
  A satyr (Shoals:4)
  A death knight (D:15)
  3 boulder beetles (D:14)
  25 dancing weapons
  4 orc high priests
  21 death yaks
  Sonja (Lair:2)
  Nergalle (Lair:2)
  20 deep elf knights
  4 skysharks
  A hell knight (Volcano)
  2 sun demons (Abyss:1)
  Amaemon (Lair:2)
  A sixfirhy (Abyss:1)
  14 skeletal warriors
  9 sea snakes
  A flayed ghost (D:15)
  8 deep elf archers
  22 harpies
  A kraken simulacrum (Shoals:4)
  A wizard (D:13)
  A phantasmal warrior (D:15)
  Pikel (D:5)
  21 deep elf zephyrmancers
  An orc knight (Orc:1)
  7 ugly things
  20 deep elf pyromancers
  6 orc sorcerers
  18 manticores
  Maurice (D:8)
  4 cyclopes
  A faun (Shoals:3)
  5 black mambas
  13 elephants
  An elephant (shapeshifter) (D:14)
  11 merfolk sirens
  6 water nymphs
  An ice statue (Shoals:4)
  2 molten gargoyles (Volcano)
  A gargoyle (D:13)
  8 cane toads
  Joseph (D:9)
  2 smoke demons
  2 rime drakes
  An orange demon (Lair:2)
  A kobold demonologist (D:11)
  An unseen horror (D:13)
  9 komodo dragons
  3 red devils (Volcano)
  2 ancient zymes (Abyss:1)
  11 trolls
  6 starcursed masses (Abyss:1)
  3 polar bears
  27 merfolk
  2 tengu conjurers
  9 wind drakes
  10 blink frogs
  A tarantella (Lair:2)
  A raiju (shapeshifter) (Elf:1)
  4 dream sheep (Lair:4)
  A culicivora (shapeshifter) (D:15)
  8 slime creatures
  14 snapping turtles
  A shadow (D:11)
  An air elemental (Elf:2)
  Sigmund (D:2)
  4 vampires
  6 wyverns
  6 flying skulls (Abyss:1)
  5 water elementals
  3 wraiths
  5 fire bats
  80 yaks
  A spriggan (Lair:2)
  Grum (D:9)
  7 fire elementals (Elf:1)
  A basilisk (D:14)
  Eustachio (D:4)
  2 vampire mosquitoes (D:14)
  2 neqoxecs (Abyss:1)
  Menkaure (D:5)
  3 wargs
  An acid dragon (shapeshifter) (D:14)
  16 water moccasins
  4 hell hounds (Elf:1)
  2 ice beasts
  35 orc warriors
  4 black bears
  11 wolves
  7 ogres
  11 centaurs
  2 phantoms
  A lemure (D:5)
  3 kobold brigands
  An elf zombie (Ossuary)
  9 bullfrogs
  4 scorpions
  An earth elemental (Elf:1)
  4 gnoll sergeants
  A small abomination (Abyss:1)
  11 wights
  3 killer bees (D:9)
  5 howler monkeys
  An electric eel (Lair:5)
  6 lava snakes
  A crimson imp (Abyss:1)
  2 hounds
  A centaur zombie (Ossuary)
  15 orc priests
  3 jellies
  A gnoll bouda (D:10)
  2 human zombies (Ossuary)
  A sleepcap (D:4)
  Ijyb (D:4)
  9 iguanas
  19 orc wizards
  Natasha (D:4)
  2 hell rats (Lair:3)
  2 hound zombies (Ossuary)
  3 mummies (Ossuary)
  26 gnolls
  7 adders
  8 river rats (Lair:3)
  3 shadow imps
  3 adder zombies (Ossuary)
  A worm (D:2)
  5 dart slugs
  78 orcs
  7 ball pythons
  10 endoplasms
  3 giant cockroaches
  2 gnoll zombies (Ossuary)
  21 goblins
  14 hobgoblins
  6 jackals
  24 kobolds
  4 quokkas
  3 training dummies (D:5)
  5 bats
  A frilled lizard (D:3)
  2 goblin zombies (Ossuary)
  6 hobgoblin zombies (Ossuary)
  4 jackal zombies (Ossuary)
  4 kobold zombies (Ossuary)
  An orc zombie (Ossuary)
  2 quokka zombies (Ossuary)
  14 rats
  4 rat zombies (Ossuary)
1059 creatures vanquished.

Vanquished Creatures (others)
  A deep elf knight (Elf:2)
  A harpy (Shoals:4)
  A deep elf pyromancer (Elf:1)
  3 orcs
  A bush (Lair:5)
  29 fungi
  168 plants
  57 tentacles
261 creatures vanquished.

Grand Total: 1320 creatures vanquished

Notes
Turn   | Place    | Note
-------+----------+-------------------------------------------
     0 | D:1      | elongatedgoose the Minotaur Fighter began the quest for the
                  | Orb.
     0 | D:1      | Reached XP level 1. HP: 19/19 MP: 0/0
    83 | D:1      | Reached skill level 4 in Fighting
    83 | D:1      | Reached XP level 2. HP: 23/27 MP: 1/1
   307 | D:1      | Reached XP level 3. HP: 34/34 MP: 2/2
   705 | D:2      | Noticed Sigmund
   711 | D:2      | Killed Sigmund
   712 | D:2      | Reached skill level 5 in Fighting
   712 | D:2      | Reached skill level 5 in Maces & Flails
   712 | D:2      | Reached XP level 4. HP: 38/44 MP: 3/3
   712 | D:2      | Reached XP level 5. HP: 44/50 MP: 4/4
   751 | D:2      | Reached skill level 6 in Fighting
  1291 | D:3      | Found an iron altar of Okawaru.
  1309 | D:3      | Became a worshipper of Warmaster Okawaru
  1360 | D:3      | Reached XP level 6. HP: 56/57 MP: 5/5
  1604 | D:4      | Noticed Ijyb
  1618 | D:4      | Killed Ijyb
  1816 | D:4      | Found a hazy altar of Hepliaklqana.
  2031 | D:4      | Noticed Eustachio
  2072 | D:4      | Killed Eustachio
  2072 | D:4      | Reached * piety under Okawaru
  2073 | D:4      | Reached skill level 7 in Fighting
  2073 | D:4      | Reached XP level 7. HP: 66/66 MP: 6/6
  2354 | D:4      | Noticed Natasha
  2357 | D:4      | Killed Natasha
  2634 | D:5      | Entered Level 5 of the Dungeon
  2649 | D:5      | Noticed Pikel
  2663 | D:5      | Killed Pikel
  2663 | D:5      | Reached ** piety under Okawaru
  2664 | D:5      | Reached skill level 8 in Fighting
  2664 | D:5      | Reached XP level 8. HP: 24/77 MP: 4/7
  2964 | D:5      | Found a sand-covered staircase.
  2970 | Ossuary  | Entered an ossuary
  2995 | Ossuary  | Reached skill level 9 in Fighting
  3422 | D:5      | Found Simivabb's Firing Range.
  3423 | D:5      | Noticed Menkaure
  3430 | D:5      | Killed Menkaure
  3431 | D:5      | Reached skill level 10 in Fighting
  3893 | D:5      | Found an opulent altar of Gozag.
  3944 | D:5      | Found a white marble altar of Elyvilon.
  4043 | D:5      | Found Yletiyw's Antique Weapon Emporium.
  4047 | D:5      | Reached skill level 10 in Maces & Flails
  4274 | D:6      | Found a stormy altar of Qazlal.
  4278 | D:6      | Found a staircase to the Ecumenical Temple.
  4292 | D:6      | Reached XP level 9. HP: 78/86 MP: 8/8
  4350 | D:6      | Reached *** piety under Okawaru
  4372 | D:6      | Reached skill level 11 in Fighting
  4682 | D:6      | Found a runed translucent gate.
  4682 | D:6      | Found a runed translucent gate.
  4682 | D:6      | Found a runed translucent gate.
  4683 | D:6      | Found an opulent altar of Gozag.
  4684 | D:6      | Noticed AverageBear's ghost (novice OpFi)
  5130 | D:7      | Reached skill level 12 in Fighting
  5366 | D:7      | Identified the +2 sling of Deazeargh {drain, Fragile rN++
                  | Str+5}
  5620 | D:7      | Reached **** piety under Okawaru
  5986 | D:8      | Noticed Maurice
  5994 | D:8      | Killed Maurice
  5995 | D:8      | Reached XP level 10. HP: 72/100 MP: 9/9
  6217 | D:8      | Found Egorrokk's Antique Armour Shoppe.
  6341 | D:9      | Reached skill level 13 in Fighting
  6622 | D:9      | Reached ***** piety under Okawaru
  6744 | D:9      | Found a snail-covered altar of Cheibriados.
  6931 | D:9      | Noticed Joseph
  6946 | D:9      | Killed Joseph
  7038 | D:9      | Noticed a two-headed ogre
  7045 | D:9      | Killed a two-headed ogre
  7046 | D:9      | Reached skill level 14 in Fighting
  7108 | D:9      | Noticed Grum
  7120 | D:9      | Killed Grum
  7482 | D:10     | Entered Level 10 of the Dungeon
  7526 | D:10     | Found a flagged portal.
  7539 | Bailey   | Entered a bailey
  7544 | Bailey   | Noticed an orc warlord
  7617 | Bailey   | Reached skill level 1 in Dodging
  7774 | Bailey   | Found a runed translucent gate.
  7777 | Bailey   | Found a runed translucent gate.
  7779 | Bailey   | Found a runed translucent gate.
  7910 | Bailey   | Killed an orc warlord
  7911 | Bailey   | Reached skill level 5 in Armour
  7911 | Bailey   | Reached XP level 11. HP: 84/110 MP: 2/10
  7939 | Bailey   | Acquired 862 gold pieces
  7940 | Bailey   | Identified the +1 spear "Varhuthe" {venom, Str+2}
  8050 | D:10     | Found a runed translucent gate.
  8050 | D:10     | Found a runed translucent gate.
  8050 | D:10     | Found a runed translucent gate.
  8053 | D:10     | Noticed monoptic's ghost (journeyman MiFi)
  8175 | D:10     | Found a burning altar of Makhleb.
  8204 | D:10     | Found a shimmering blue altar of Sif Muna.
  8222 | D:10     | Reached skill level 5 in Shields
  8334 | D:10     | Found a staircase to the Lair.
  8407 | D:10     | Found a staircase to the Orcish Mines.
  8671 | D:10     | Identified the ring of Kipet {rElec rPois rF- Will+ Str+2}
  8816 | D:10     | Identified the +2 leather armour of Wyses {Regen+}
  8884 | Lair:1   | Entered Level 1 of the Lair of Beasts
  9528 | Lair:1   | Reached skill level 5 in Dodging
  9751 | Lair:1   | Noticed Gastronok
  9766 | Lair:1   | Killed Gastronok
  9766 | Lair:1   | Received a gift from Okawaru
 10106 | Lair:2   | Noticed Sonja
 10111 | Lair:2   | Killed Sonja
 10536 | Lair:2   | Noticed Amaemon
 10548 | Lair:2   | Killed Amaemon
 10742 | Lair:2   | Reached XP level 12. HP: 82/117 MP: 11/11
 10961 | Lair:2   | Identified the +3 ring mail "Ofar" {rElec rCorr Int+2
                  | Dex-5} (Okawaru gifted it to you on level 2 of the Lair of
                  | Beasts)
 10961 | Lair:2   | Received a gift from Okawaru
 11096 | Lair:2   | Noticed Nergalle
 11101 | Lair:2   | Killed Nergalle
 11101 | Lair:2   | Reached ****** piety under Okawaru
 11432 | Lair:2   | Found a staircase to the Shoals.
 11565 | Lair:2   | Found a hole to the Spider Nest.
 11613 | Lair:2   | Noticed Harold
 11624 | Lair:2   | Killed Harold
 11927 | Lair:3   | Found a dark tunnel.
 11959 | Volcano  | Entered a volcano
 12180 | Volcano  | Reached skill level 10 in Armour
 12184 | Volcano  | Reached skill level 10 in Shields
 12469 | Volcano  | Found a bloodstained altar of Trog.
 12708 | Volcano  | Reached skill level 10 in Dodging
 12747 | Volcano  | Identified the +0 helmet "Qitutix" {Rampage Will+ Str+8}
 12935 | Lair:3   | Reached skill level 1 in Throwing
 12935 | Lair:3   | Reached skill level 1 in Invocations
 12935 | Lair:3   | Reached skill level 1 in Evocations
 13379 | Lair:3   | Identified the +2 pair of boots of Okawaru's Condemnation
                  | {Rampage Dex+3 Stlth+} (Okawaru gifted it to you on level 3
                  | of the Lair of Beasts)
 13379 | Lair:3   | Received a gift from Okawaru
 13380 | Lair:3   | Reached XP level 13. HP: 102/125 MP: 11/13
 14352 | Lair:2   | Reached skill level 15 in Fighting
 15112 | Lair:4   | Noticed Tewalifo's ghost (journeyman BaHu)
 15119 | Lair:4   | Found a runed translucent door.
 15558 | Lair:4   | Found a staircase to the Slime Pits.
 15558 | Lair:4   | Found a viscous altar of Jiyva.
 15620 | Lair:4   | Received a gift from Okawaru
 15736 | Lair:4   | Identified the +1 scale mail "Umorits" {rElec Will+ Str-2
                  | Int+6}
 15839 | Lair:4   | Reached skill level 16 in Fighting
 16230 | Lair:5   | Entered Level 5 of the Lair of Beasts
 16452 | Lair:4   | Reached skill level 5 in Throwing
 16454 | Lair:4   | Reached skill level 5 in Invocations
 16713 | Lair:5   | Received a gift from Okawaru
 16823 | Lair:5   | Reached XP level 14. HP: 80/138 MP: 15/17
 16837 | Lair:5   | Reached skill level 5 in Evocations
 17593 | Lair:5   | Reached skill level 17 in Fighting
 18288 | Lair:5   | Received a gift from Okawaru
 19095 | Orc:1    | Entered Level 1 of the Orcish Mines
 19374 | Orc:1    | Found a runed translucent gate.
 19374 | Orc:1    | Found a runed translucent gate.
 19374 | Orc:1    | Found a runed translucent gate.
 19374 | Orc:1    | Noticed Wothajo's ghost (adept HuWn)
 19546 | Orc:1    | Killed Wothajo's ghost
 19679 | Orc:1    | Reached skill level 18 in Fighting
 19805 | Orc:2    | Entered Level 2 of the Orcish Mines
 19923 | Orc:2    | Noticed Rupert
 19940 | Orc:2    | Killed Rupert
 20234 | Orc:2    | Found Sosuitok's General Store.
 20239 | Abyss:1  | Found a corrupted altar of Lugonu.
 20239 | Abyss:1  | Cast into level 1 of the Abyss (orc warrior)
 20323 | Abyss:1  | Gained mutation: You have hidden genetic potential. [a
                  | neqoxec]
 20325 | Abyss:1  | Gained mutation: You are weak. (Str -2) [a neqoxec]
 20328 | Abyss:1  | Gained mutation: You are resistant to electric shocks.
                  | (rElec) [a neqoxec]
 20667 | Abyss:1  | Reached XP level 15. HP: 69/150 MP: 19/19
 20743 | Orc:2    | Escaped the Abyss
 21351 | Orc:2    | Received a gift from Okawaru
 21567 | Orc:2    | Found Focyamafi's Distillery.
 21568 | Orc:2    | Found a staircase to the Elven Halls.
 21729 | Orc:2    | Noticed Saint Roka
 22131 | Orc:2    | Received a gift from Okawaru
 22270 | Orc:2    | Found Nuxeenia's Weapon Shoppe.
 22460 | Orc:2    | Killed Saint Roka
 22460 | Orc:2    | Identified the scarf of Okawaru, Summoning {*Corrode Will+
                  | Str+3} (Okawaru gifted it to you on level 2 of the Orcish
                  | Mines)
 22460 | Orc:2    | Received a gift from Okawaru
 22728 | Orc:2    | Found Bant's Antique Weapon Shoppe.
 22729 | Orc:2    | Found Fakkiul's Antique Armour Emporium.
 22736 | Orc:2    | Bought the +9 scales of the Dragon King {rPois rF+ rC+
                  | Will+} for 3244 gold pieces
 22736 | Orc:2    | Found the +9 scales of the Dragon King {rPois rF+ rC+
                  | Will+}
 23876 | D:12     | Reached skill level 19 in Fighting
 24291 | D:12     | Found Gonylup's Serpentskin Sales.
 25019 | D:13     | Found a gate to the Vaults.
 26015 | D:14     | Identified the +2 pair of boots "Ririy" {Slay+3} (Okawaru
                  | gifted it to you on level 14 of the Dungeon)
 26015 | D:14     | Received a gift from Okawaru
 26033 | D:14     | Gained mutation: You have supernaturally acute eyesight.
                  | (SInv) [hidden potential]
 26749 | D:15     | Entered Level 15 of the Dungeon
 26871 | D:15     | Found a staircase to the Depths.
 27112 | D:15     | Reached skill level 20 in Fighting
 27332 | D:15     | Reached XP level 16. HP: 161/162 MP: 22/22
 28103 | Shoals:1 | Entered Level 1 of the Shoals
 28569 | Shoals:1 | Found Maugor's Book Emporium.
 28632 | Shoals:1 | Found Temepal's Weapon Boutique.
 28686 | Shoals:1 | Found Imosinor's General Store.
 28688 | Shoals:1 | Found a runed translucent door.
 28701 | Shoals:1 | Bought a scroll of identify for 32 gold pieces
 28701 | Shoals:1 | Bought a scroll of identify for 32 gold pieces
 28708 | Shoals:1 | Noticed Etwihode's ghost (journeyman MiFi)
 28729 | Shoals:1 | Killed Etwihode's ghost
 28784 | Shoals:1 | Received a gift from Okawaru
 29072 | Shoals:1 | Found Pofa's Antique Armour Emporium.
 29127 | Shoals:1 | Reached skill level 10 in Throwing
 29127 | Shoals:1 | Reached skill level 10 in Invocations
 29151 | Shoals:1 | Found Gowu Myi's Antique Armour Shoppe.
 29237 | Shoals:1 | Noticed a kraken
 29734 | Shoals:1 | Killed a kraken
 29734 | Shoals:1 | Identified the +0 hat "Joohevon" {Harm Int+3 Slay-3}
                  | (Okawaru gifted it to you on level 1 of the Shoals)
 29734 | Shoals:1 | Received a gift from Okawaru
 30280 | Shoals:2 | Reached skill level 10 in Evocations
 31034 | Shoals:2 | Noticed a kraken
 31128 | Shoals:2 | Killed a kraken
 31508 | Shoals:3 | Gained mutation: You are strong-willed. (Will+) [hidden
                  | potential]
 31508 | Shoals:3 | Lost mutation: You have hidden genetic potential. [hidden
                  | potential expressed]
 31775 | Shoals:3 | Noticed Ilsuiw
 31826 | Shoals:2 | Killed Ilsuiw
 32276 | Shoals:3 | Noticed Polyphemus
 32463 | Shoals:2 | Killed Polyphemus
 32720 | Shoals:3 | Reached skill level 15 in Maces & Flails
 33019 | Shoals:3 | Identified the +0 plate armour "Roteker" {+Blink rPois
                  | Will+} (Okawaru gifted it to you on level 3 of the Shoals)
 33019 | Shoals:3 | Received a gift from Okawaru
 33385 | Shoals:3 | Noticed Bai Suzhen
 33409 | Shoals:2 | Acquired 567 gold pieces
 33950 | Arena    | Entered the Arena
 33960 | Arena    | Killed Bai Suzhen
 34266 | Shoals:4 | Entered Level 4 of the Shoals
 34646 | Shoals:4 | Reached XP level 17. HP: 149/170 MP: 23/23
 35127 | Shoals:4 | Got a barnacled rune of Zot
 35422 | Shoals:4 | Noticed Nikola
 35436 | Arena    | Entered the Arena
 35446 | Arena    | Killed Nikola
 35942 | Shoals:4 | Found a runed translucent door.
 36280 | Shoals:4 | Received a gift from Okawaru
 36710 | Shoals:4 | Identified the +10 flail "Sosiff" {drain, *Rage Will+++
                  | Dex-3} (Okawaru gifted it to you on level 4 of the Shoals)
 36710 | Shoals:4 | Received a gift from Okawaru
 37156 | Elf:1    | Entered Level 1 of the Elven Halls
 37512 | Elf:1    | Noticed Agnes
 37521 | Elf:1    | Killed Agnes
 37997 | Elf:1    | Identified the +9 crystal plate armour of Ukhin {+Blink
                  | rC++ SInv} (Okawaru gifted it to you on level 1 of the
                  | Elven Halls)
 37997 | Elf:1    | Received a gift from Okawaru
 38001 | Elf:1    | Noticed Azrael
 38002 | Elf:1    | Noticed Aizul
 38020 | Elf:1    | Killed Aizul
 38030 | Elf:1    | Killed Azrael
 38319 | Elf:1    | Found a runed translucent gate.
 38320 | Elf:1    | Found a runed translucent gate.
 38320 | Elf:1    | Found a runed translucent gate.
 38324 | Elf:1    | Noticed Baunymm's ghost (journeyman DsBe)
 38942 | Elf:1    | Killed Baunymm's ghost
 39250 | Elf:2    | Noticed an Ice Fiend
 40664 | Elf:2    | Reached XP level 18. HP: 174/178 MP: 24/24
 40712 | Elf:2    | Paralysed by an air elemental for 1 turns
 42140 | Elf:2    | Found a runed translucent gate.
 42140 | Elf:2    | Found a runed translucent gate.
 42145 | Elf:2    | Found a runed translucent gate.
 42219 | Elf:2    | Received a gift from Okawaru
 42540 | Elf:2    | Received a gift from Okawaru
 42850 | Elf:2    | Noticed Zenata
 42861 | Elf:2    | HP: 3/178 [+3 dire flail of holy wrath[Zenata] (9)]
 42862 | Elf:2    | Slain by a +1 glaive of venom

Illustrated notes

Levels and vault maps discovered:
D:1:      zelgadis_glass_arrival_small, layout_basic
D:2:      layout_loops_ring, uniq_sigmund
D:3:      layout_basic, old_standard_altar, st_stairs_1
D:4:      layout_basic, mainiacjoe_overflow_surrounded_room,
          serial_co_window_serial, co_window_of_opportunity_a,
          co_window_corner_a, co_window_paths_a, co_window_paths_b,
          co_window_corner_a, co_window_unsneaky_path_b, co_window_paths_c,
          co_window_of_opportunity_c, co_window_of_opportunity_b,
          co_window_unsneaky_path_a, glass_columns_a, glass_columns_b,
          uniq_eustachio, uniq_ijyb, uniq_natasha
D:5:      layout_gridville, kennysheep_little_box, nicolae_gozag_seed_capital,
          serial_shops, shop, nicolae_ossuary_entry_plus,
          chequers_serial_rivers_micro_b, nicolae_shop_firing_range,
          uniq_menkaure, uniq_pikel
D:6:      nicolae_cairo_tiling_large_dashed, layout_gridville,
          grunt_qazlal_clouds, minmay_temple_entry_trees, ebering_ghost_gozag,
          nrook_campfire
D:7:      corexii_shack_village, layout_basic
D:8:      layout_basic, serial_shops, nicolae_shop_overgrown_old_shop,
          uniq_maurice
D:9:      layout_rooms, kennysheep_slug_shrine, serial_aquarium,
          aquarium_bridge_square [aquarium_subvault_wall,
          aquarium_subvault_bridge, aquarium_subvault_bridge,
          aquarium_subvault_bridge], aquarium_window_2, aquarium_window_1,
          aquarium_window_fake, aquarium_view_2f, aquarium_balcony_double_1,
          uniq_grum, uniq_joseph
D:10:     layout_roguey, nicolae_overflow_crystal_walls,
          mainiacjoe_overflow_concentric_impassable, lair_entry_dummy,
          orc_0_dummy, enter_bailey_3, biasface_ghost_orc_armoury
D:11:     layout_gridville
D:12:     layout_loops_ring, hangedman_decor_riveting, guppyfry_shop_venom
D:13:     cheibrodos_frozen_isle, layout_cave_pods, david_vaults_1
D:14:     layout_grid_maze, grunt_decor_arrowhead,
          minmay_misc_feat_secret_circle, minmay_starry_boxes
D:15:     hangedman_depths_entry_try_elsewhere_first, layout_loops_cross,
          chequers_serial_rivers_small_b, minivault_20
Lair:1:   layout_gridlike, grunt_megastairs_5, uniq_gastronok
Lair:2:   beast_lair_carwin_large_3, layout_cave_pods,
          minmay_shoals_entry_lonely_mermaid, spider_nest_entry_rubble,
          chequers_serial_rivers_room_a, minmay_holes,
          grunt_forest_stairs_clearing, uniq_harold, uniq_nergalle, uniq_sonja,
          uniq_amaemon
Lair:3:   layout_regular_city, nicolae_volcano_entry_batcave,
          kennysheep_rathole, lemuel_fruit_fields
Lair:4:   layout_concentric_octagons, slime_entry_1,
          hellmonk_ghost_happy_afterlife, serial_bayou_pond_a
Lair:5:   evilmike_catoblepas_cave, layout_gridlike,
          hangedman_lair_unloving_vines
Shoals:1: layout_shoals, ebering_ghost_reflecting_pool, serial_shops,
          nicolae_shop_trees, shop_coins, shop, shop, shop,
          nicolae_shoals_loop_pool
Shoals:2: layout_shoals
Shoals:3: layout_shoals, uniq_ilsuiw, uniq_polyphemus, uniq_bai_suzhen
Shoals:4: shoals_end_grunt_ice, layout_shoals,
          portal_ice_cave_entry_ice_statue_one, lightli_airlock, uniq_nikola
Orc:1:    layout_caves, basic_altar, ebering_ghost_rock_garden, uniq_josephine,
          uniq_erolcha
Orc:2:    grunt_orc_community_town_hall, layout_caves,
          grunt_orc_community_big_house_2, grunt_orc_community_big_house_1,
          grunt_orc_community_house_1, grunt_orc_community_house_2,
          grunt_orc_community_house_3, grunt_orc_community_house_3,
          grunt_orc_community_house_3, serial_shops, shop, uniq_rupert
Elf:1:    eino_elf_arrival_shootout, layout_loops_corners,
          ebering_ghost_rock_garden, hangedman_corner_corridor, uniq_aizul,
          uniq_azrael, uniq_agnes
Elf:2:    elven_hall_of_blades_hangedman_original [nicolae_blade_little_rooms],
          layout_gridlike, uniq_zenata

Skill      XL: |  1  2  3  4  5  6  7  8  9 10 11 12 13 14 15 16 17 18 |
---------------+-------------------------------------------------------+-----
Fighting       | 4 5 6 7 8 10 12 14 16 18 20 | 20.0
Maces & Flails | 3 5 6 8 10 12 14 15 17 18 | 18.6
Armour         | 5 8 10 11 12 13 | 13.5
Dodging        | 2 6 10 11 12 13 | 13.0
Shields        | 4 8 10 11 12 13 | 13.4
Throwing       | 2 5 7 9 10 | 10.0
Invocations    | 2 5 7 9 10 | 10.0
Evocations     | 2 4 6 8 10 | 10.0

Action                     |  1- 3 |  4- 6 |  7- 9 | 10-12 | 13-15 | 16-18 || total
---------------------------+-------+-------+-------+-------+-------+-------++-------
  Melee: Flail             |    47 |   127 |   233 |   405 |  1079 |  1130 ||  3021
         Headbutt          |     6 |    15 |    41 |    91 |   281 |   257 ||   691
  Throw: Throwing net      |       |       |       |     2 |       |       ||     2
         Javelin           |       |       |       |       |     1 |    11 ||    12
         Boomerang         |       |       |       |       |       |   142 ||   142
 Invoke: Heroism           |       |       |     1 |     9 |     9 |     7 ||    26
         Finesse           |       |       |       |     1 |       |       ||     1
         Duel              |       |       |       |       |       |     2 ||     2
  Evoke: Wand              |       |       |       |    17 |     4 |       ||    21
    Use: Scroll            |       |       |    11 |    13 |    18 |    14 ||    56
         Potion            |       |       |     1 |     6 |     8 |     8 ||    23
 Armour: Scale mail        |     9 |       |       |       |       |       ||     9
         Plate armour      |       |    57 |   128 |   266 |   514 |       ||   965
         Gold dragon scale |       |       |       |       |   268 |  1014 ||  1282
  Dodge: Dodged            |    29 |    86 |   176 |   322 |  1169 |  1046 ||  2828
  Block: Buckler           |    16 |    22 |    60 |   157 |   568 |   554 ||  1377

Table legend: (Time is in decaauts)
 A = Elapsed time spent in this place.
 B = Non-inter-level travel time spent in this place.
 C = Inter-level travel time spent in this place.
 D = Time resting spent in this place.
 E = Time spent auto-exploring this place.
 F = Levels seen in this place.
 G = Mean time per level.
                   A        B        C        D        E       F      G
               +--------+--------+--------+--------+--------+-----+--------+
         Total |  43589 |  42016 |   1573 |  10540 |  23441 |  34 | 1282.0 |
       Dungeon |  13428 |  12808 |    620 |    576 |   9951 |  15 |  895.2 |
          Lair |   9919 |   9431 |    488 |   2866 |   5150 |   5 | 1983.8 |
        Shoals |   8776 |   8605 |    171 |   3199 |   3627 |   4 | 2194.0 |
  Orcish Mines |   3398 |   3183 |    215 |    802 |   1769 |   2 | 1699.0 |
   Elven Halls |   5755 |   5679 |     76 |   2411 |   2195 |   2 | 2877.5 |
         Abyss |    508 |    508 |      0 |    272 |     75 |   1 |  508.0 |
       Ossuary |    283 |    283 |      0 |      0 |    150 |   1 |  283.0 |
        Bailey |    497 |    497 |      0 |    128 |    104 |   1 |  497.0 |
       Volcano |    958 |    958 |      0 |    250 |    418 |   1 |  958.0 |
         Arena |     63 |     63 |      0 |     36 |      0 |   2 |   31.5 |
               +--------+--------+--------+--------+--------+-----+--------+

Top non-repeatable levels by time:
   Elf:1: 4155 daAuts
Shoals:2: 2994 daAuts
  Lair:2: 2764 daAuts
Shoals:4: 2518 daAuts
  Lair:5: 2393 daAuts
   Orc:2: 2069 daAuts
  Lair:3: 1773 daAuts
Shoals:1: 1651 daAuts
  Lair:4: 1643 daAuts
Shoals:3: 1612 daAuts
   Elf:2: 1600 daAuts
  Lair:1: 1345 daAuts
     D:4: 1335 daAuts
   Orc:1: 1328 daAuts
    D:15: 1198 daAuts
